[Event "Titled Tuesday Blitz August 17 2021"]
[White "Pultinevicius, Paulius"]
[Black "Majer, Damir"]
[WhiteFideId "12809390"]
[BlackFideId "4615689"]
[WhiteElo "2479"]
[BlackElo "2416"]
[Result "1-0"]
[Round "03"]
[TimeControl "180+1"]
[Date "2021.08.17"]
[WhiteClock "0:00:05"]
[BlackClock "0:00:02"]

1. d4 d5 2. c4 e6 3. Nc3 Nf6 4. Bg5 Be7 5. Nf3 Nbd7 6. e3 h6 7. Bh4 O-O 8. Rc1 dxc4 9. Bxc4 a6 10. O-O b5 11. Bd3 c5 12. Qe2 Bb7 13. Rfd1 cxd4 14. Nxd4 Qb6 15. f3 Rfd8 16. a3 Rac8 17. Kh1 Ne5 18. Bb1 Nc4 19. Bf2 Nd5 20. Nxd5 exd5 21. Nf5 Bf8 22. Qd3 g6 23. Bh4 Re8 24. Re1 Nxb2 25. Qb3 Nc4 26. Nd4 Nd2 27. Qd3 Nxb1 28. Rxb1 Rc4 29. Red1 Qc7 30. Be1 Qe5 31. Bd2 Bd6 32. g3 Qf6 33. Kg2 h5 34. Rdc1 Rec8 35. Re1 Be5 36. Ne2 Rc2 37. Rec1 Rxc1 38. Rxc1 Rxc1 39. Bxc1 Qc6 40. Bd2 d4 41. e4 Qc4 42. Nc1 Qc5 43. Kf2 h4 44. gxh4 Bxh2 45. Ke2 Be5 46. Nb3 Qc4 47. Nc1 Qc5 48. Kd1 Qc4 49. Bb4 Bc6 50. Qd2 Bd7 51. Nd3 Qb3+ 52. Qc2 Be6 53. Nxe5 1-0


[Site "https://www.chess.com"]

[Event "Titled Tuesday Blitz August 17 2021"]
[White "Quparadze, Giga"]
[Black "Zakhartsov, Vladimir"]
[WhiteFideId "13602250"]
[BlackFideId "4145097"]
[WhiteElo "2658"]
[BlackElo "2488"]
[Result "1/2-1/2"]
[Round "03"]
[TimeControl "180+1"]
[Date "2021.08.17"]
[WhiteClock "0:00:45"]
[BlackClock "0:00:05"]

1. e4 c5 2. Ne2 d6 3. g3 h5 4. h3 d5 5. Bg2 dxe4 6. Nbc3 Nf6 7. Nxe4 Nxe4 8. Bxe4 Nc6 9. d3 g6 10. Be3 Bg7 11. c3 Qa5 12. Qb3 Ne5 13. f4 Nd7 14. O-O Nf6 15. f5 gxf5 16. Bxf5 c4 17. Qb4 Qxb4 18. cxb4 Bxf5 19. Rxf5 cxd3 20. Nf4 Rd8 21. Rd1 e6 22. Rb5 b6 23. Rxd3 Rxd3 24. Nxd3 Nd5 25. Bf2 a6 26. Rxd5 exd5 27. Bxb6 Kd7 28. a4 Kc6 29. Bc5 Re8 30. Kf2 Re4 31. Kf3 Bh6 32. Bf2 Bg7 33. b5+ axb5 34. a5 Ra4 35. a6 b4 36. b3 Ra3 37. Nxb4+ Kb5 38. Nxd5 Rxb3+ 39. Ke4 Kxa6 40. Nf4 h4 41. gxh4 Kb7 42. Nd3 Kc6 43. Bg3 Ra3 44. Bf4 Ra4+ 45. Kf5 Kd5 46. Nf2 Ra3 47. Kg4 Bd4 48. Nh1 Ke6 49. Ng3 Bf2 50. Nf5 Ra5 51. Ng7+ Kf6 52. Nh5+ Kg6 53. Ng3 f5+ 54. Kf3 Bxg3 55. Kxg3 Ra3+ 56. Kg2 Ra4 57. Bg5 Re4 58. Kf3 Kh5 59. Kg3 Kg6 60. Kf3 Ra4 61. Kg3 Ra3+ 62. Kg2 Kh5 63. Kh2 Rb3 64. Kg2 Kg6 65. Kh2 Rd3 66. Kg2 Kf7 67. h5 Ke6 68. h6 Kf7 69. Bf4 Kg6 70. Kh2 Rf3 71. Bc1 Rf1 72. Be3 f4 73. Kg2 fxe3 74. Kxf1 Kxh6 75. Ke2 Kh5 76. Kxe3 Kh4 77. Ke4 Kxh3 1/2-1/2


[Site "https://www.chess.com"]

[Event "Titled Tuesday Blitz August 17 2021"]
[White "Radu, David Cr."]
[Black "Karavade, Eesha"]
[WhiteFideId "1265717"]
[BlackFideId "5012600"]
[WhiteElo "1666"]
[BlackElo "2258"]
[Result "0-1"]
[Round "03"]
[TimeControl "180+1"]
[Date "2021.08.18"]
[WhiteClock "0:00:07"]
[BlackClock "0:00:21"]

1. e4 c5 2. Nc3 d6 3. f4 g6 4. Nf3 Bg7 5. Bc4 Nc6 6. O-O e6 7. d4 cxd4 8. Nb5 Nge7 9. Nbxd4 Nxd4 10. Nxd4 Qb6 11. c3 O-O 12. Kh1 d5 13. exd5 exd5 14. Be2 Bxd4 15. cxd4 Nf5 16. g4 Nd6 17. f5 Bd7 18. Bh6 Rfe8 19. Qd2 Bb5 20. Bxb5 Qxb5 21. fxg6 hxg6 22. Qf4 Re6 23. Bg5 Qd3 24. Rae1 Rae8 25. Rxe6 Rxe6 26. Bf6 Qe4+ 27. Kg1 Qxf4 28. Rxf4 Ne4 29. Be5 f6 30. Bb8 Kf7 31. Bxa7 Ra6 32. Bc5 Rxa2 33. b4 b5 34. Rf1 g5 35. Rc1 Ke6 36. Rf1 Nc3 37. Rf2 Rxf2 38. Kxf2 Ne4+ 39. Ke3 Nc3 40. Kd3 Nd1 41. Ke2 Nb2 42. Ke3 Nc4+ 43. Kd3 f5 44. gxf5+ Kxf5 45. Be7 g4 46. Bd8 Kf4 47. Bc7+ Kf3 48. Bg3 Nb2+ 49. Kc2 Nc4 50. Kd3 Ne3 51. Be1 Nf1 52. Bd2 Nxh2 53. Bg5 Nf1 54. Bh4 g3 55. Bxg3 Nxg3 56. Kc3 Ne4+ 57. Kd3 Kf4 58. Kc2 Ke3 59. Kb2 Kxd4 60. Ka1 Kc4 61. Ka2 d4 62. Ka1 d3 63. Ka2 d2 0-1


[Site "https://www.chess.com"]

[Event "Titled Tuesday Blitz August 17 2021"]
[White "Richter, Nils"]
[Black "Potapova, Margarita"]
[WhiteFideId "12990809"]
[BlackFideId "14126869"]
[WhiteElo "2289"]
[BlackElo "2214"]
[Result "1-0"]
[Round "03"]
[TimeControl "180+1"]
[Date "2021.08.18"]
[WhiteClock "0:00:22"]
[BlackClock "0:00:06"]

1. e4 c5 2. Nf3 d6 3. Bb5+ Nd7 4. a4 g6 5. O-O Bg7 6. c3 a6 7. Bd3 Ngf6 8. Bc2 e5 9. d4 cxd4 10. cxd4 O-O 11. Nc3 exd4 12. Nxd4 Re8 13. h3 Nc5 14. Re1 Bd7 15. Bf4 Ne6 16. Nxe6 Bxe6 17. Qxd6 Nh5 18. Qxd8 Raxd8 19. Bg5 Rc8 20. g4 Nf6 21. e5 Nd5 22. Nxd5 Bxd5 23. Be4 Rxe5 24. Bxd5 Rxd5 25. Be3 Bxb2 26. Rab1 Rc2 27. a5 f5 28. Bb6 Kf7 29. Re3 Rc1+ 30. Rxc1 Bxc1 31. Rc3 Bf4 32. Rc8 Kf6 33. Rh8 Kg7 34. Re8 Kf7 35. Rh8 Kg7 36. Re8 Rd7 37. Kg2 Bc7 38. Bxc7 Rxc7 39. Re6 Kf7 40. Rb6 f4 41. h4 Rd7 42. Kf3 Rd3+ 43. Kxf4 Rd7 44. Kg3 Rc7 45. f3 Rd7 46. Kf4 Rd4+ 47. Ke3 Rd7 48. Ke4 Ke7 49. Ke5 Kd8 50. f4 Kc7 51. f5 gxf5 52. gxf5 Rd1 53. Rh6 b5 54. axb6+ Kb7 55. Rxh7+ Kxb6 56. f6 Rf1 57. Rh5 Re1+ 58. Kf4 Rf1+ 59. Kg5 a5 60. Kg6 Rg1+ 61. Rg5 Rf1 62. f7 a4 63. Rf5 Rg1+ 64. Kh7 a3 65. f8=Q a2 66. Qb4+ Kc7 67. Rc5+ Kd7 68. Qd4+ Ke6 69. Qxg1 1-0


[Site "https://www.chess.com"]

[Event "Titled Tuesday Blitz August 17 2021"]
[White "Rodchenkov, Vitaly"]
[Black "Amburgy, Ryan"]
[WhiteFideId "4152964"]
[BlackFideId "30924820"]
[WhiteElo "2337"]
[BlackElo "2066"]
[Result "0-1"]
[Round "03"]
[TimeControl "180+1"]
[Date "2021.08.17"]
[WhiteClock "0:00:05"]
[BlackClock "0:00:31"]

1. e4 c6 2. d4 d5 3. exd5 cxd5 4. c4 Nf6 5. Nc3 g6 6. Qb3 Bg7 7. cxd5 O-O 8. Be2 Nbd7 9. Bf3 Nb6 10. Bg5 h6 11. Bxf6 exf6 12. Nge2 Re8 13. O-O Bf5 14. Rad1 g5 15. Ng3 Bg6 16. Bg4 Qd6 17. h3 Rad8 18. Nf5 Bxf5 19. Bxf5 Re7 20. Rfe1 Bf8 21. Ne4 Qf4 22. Nxf6+ Kh8 23. g4 Rxe1+ 24. Rxe1 Bd6 25. Ne4 Qh2+ 26. Kf1 Bf4 27. d6 Kg7 28. d7 Nxd7 29. Qd5 Qxh3+ 30. Ke2 Rc8 31. Nd6 Bxd6 32. Qxd6 Re8+ 33. Kd2 Rxe1 34. Kxe1 Nf6 35. Qe5 Qh1+ 36. Ke2 Qc1 37. d5 Qc5 38. Be4 a5 39. b3 b5 40. f3 a4 41. bxa4 bxa4 42. Qb2 a3 43. Qa1 Qb4 44. Kd3 Qb2 45. Qxb2 axb2 46. Kc2 Nxe4 47. fxe4 h5 48. gxh5 g4 49. e5 g3 50. d6 g2 51. h6+ Kxh6 52. d7 b1=Q+ 53. Kxb1 g1=Q+ 0-1


[Site "https://www.chess.com"]

[Event "Titled Tuesday Blitz August 17 2021"]
[White "Roman, Rodrigo"]
[Black "Weetik, Vjacheslav"]
[WhiteFideId "3701220"]
[BlackFideId "4153472"]
[WhiteElo "2043"]
[BlackElo "2469"]
[Result "0-1"]
[Round "03"]
[TimeControl "180+1"]
[Date "2021.08.17"]
[WhiteClock "0:00:03"]
[BlackClock "0:00:03"]

1. Nf3 d5 2. g3 c6 3. Bg2 Bg4 4. O-O Nd7 5. d4 e6 6. Nbd2 Ngf6 7. Re1 Be7 8. e4 O-O 9. e5 Ne8 10. c3 c5 11. h4 cxd4 12. cxd4 Nb8 13. Nf1 Nc6 14. N1h2 Bf5 15. a3 Qb6 16. Bf1 Nc7 17. Bd3 Nxd4 18. Be3 Nxf3+ 19. Nxf3 Bc5 20. Bxc5 Qxc5 21. Rc1 Qb6 22. Bxf5 exf5 23. Qd4 Ne6 24. Qxb6 axb6 25. Red1 Rfd8 26. Nd4 f4 27. Nf5 fxg3 28. fxg3 d4 29. Nd6 h6 30. Nxb7 Rd5 31. Rc6 Rxe5 32. Rxb6 Rb8 33. Rb4 Re2 34. Kf1 Rc2 35. Ke1 Rbc8 36. Nd6 R8c5 37. Rb8+ Kh7 38. Rd2 Kg6 39. Ne4 Rc6 40. g4 h5 41. g5 Kf5 42. Nf2 Nf4 43. Rxd4 Re2+ 44. Kd1 Rxf2 45. Rb5+ Kg4 46. Rbb4 g6 47. a4 Re6 48. a5 Kg3 49. Rxf4 Rxf4 50. Rxf4 Kxf4 51. b4 Re4 52. Kc2 Rxb4 0-1


[Site "https://www.chess.com"]

[Event "Titled Tuesday Blitz August 17 2021"]
[White "Ronka, Erik"]
[Black "Tica, Sven"]
[WhiteFideId "505080"]
[BlackFideId "14526948"]
[WhiteElo "2264"]
[BlackElo "2391"]
[Result "1-0"]
[Round "03"]
[TimeControl "180+1"]
[Date "2021.08.17"]
[WhiteClock "0:00:18"]
[BlackClock "0:00:59"]

1. d4 Nf6 2. c4 g6 3. Nc3 Bg7 4. e4 O-O 5. Nf3 d6 6. Be2 Nbd7 7. O-O e5 8. Be3 c6 9. d5 c5 10. Nd2 a6 11. a3 Kh8 12. b4 b6 13. Kh1 Ng8 14. g4 Qh4 15. Rg1 f5 16. gxf5 gxf5 17. exf5 Ndf6 18. Nf3 Qh3 19. Ng5 Qxf5 20. Bd3 e4 21. Ncxe4 Nxe4 22. Bxe4 Qe5 23. Qh5 Nf6 24. Qh4 h6 25. Bd3 Ng4 26. Rxg4 Bxg4 27. Rg1 Bd7 28. Ne6 Bxe6 29. Bxh6 Bxd5+ 30. cxd5 Qxd5+ 31. Be4 Qxe4+ 32. Qxe4 Bxh6 33. Qg6 1-0


[Site "https://www.chess.com"]

[Event "Titled Tuesday Blitz August 17 2021"]
[White "Rottenwohrer Suarez, Juan"]
[Black "Paravyan, David"]
[WhiteFideId "32068182"]
[BlackFideId "4194985"]
[WhiteElo "2555"]
[BlackElo "2803"]
[Result "0-1"]
[Round "03"]
[TimeControl "180+1"]
[Date "2021.08.17"]
[WhiteClock "0:00:02"]
[BlackClock "0:01:42"]

1. d4 f5 2. Nf3 Nf6 3. c4 e6 4. g3 d5 5. Bg2 Bd6 6. O-O O-O 7. Nc3 c6 8. Qc2 Ne4 9. Rb1 a5 10. a3 b6 11. b4 axb4 12. axb4 Bb7 13. c5 Bc7 14. Bf4 Bxf4 15. gxf4 Nd7 16. Ne5 Nxe5 17. fxe5 Ra3 18. Na4 b5 19. Nb2 Qh4 20. Nd3 Rfa8 21. Qc1 Nc3 22. Rb2 Nxe2+ 23. Rxe2 Rxd3 24. Qb1 Qxd4 25. Ra2 Ra4 26. Rxa4 bxa4 27. Qc2 Rb3 28. Qe2 g6 29. Rd1 Qxb4 30. Bxd5 cxd5 31. c6 Bxc6 32. Qa6 Qb7 33. Qa5 Qb6 34. Qd2 Rb1 0-1


[Site "https://www.chess.com"]

[Event "Titled Tuesday Blitz August 17 2021"]
[White "Sarana, Alexey"]
[Black "Chirila, Ioan-Cristian"]
[WhiteFideId "24133795"]
[BlackFideId "1211668"]
[WhiteElo "2646"]
[BlackElo "2445"]
[Result "1-0"]
[Round "03"]
[TimeControl "180+1"]
[Date "2021.08.17"]
[WhiteClock "0:00:48"]
[BlackClock "0:00:08"]

1. e4 e5 2. Nf3 Nc6 3. Bc4 Nf6 4. d3 Bc5 5. c3 d6 6. O-O O-O 7. h3 h6 8. Re1 Bb6 9. Nbd2 Ne7 10. Nf1 c6 11. Bb3 Ng6 12. d4 Re8 13. Ng3 Be6 14. a4 Bxb3 15. Qxb3 d5 16. exd5 exd4 17. Rxe8+ Qxe8 18. dxc6 Qxc6 19. cxd4 Rd8 20. Be3 Nd5 21. a5 Bc7 22. Rc1 Qa6 23. Nf5 Bxa5 24. Rc5 Nxe3 25. fxe3 Bb6 26. Rc1 Qe2 27. Re1 Qa6 28. Rf1 Qa5 29. Nh2 Qd5 30. Qc2 Qe6 31. Ng4 Rc8 32. Qd3 Re8 33. Kh1 Qe4 34. Nfxh6+ gxh6 35. Nf6+ 1-0


[Site "https://www.chess.com"]

[Event "Titled Tuesday Blitz August 17 2021"]
[White "Shahade, Gregory"]
[Black "Hansch, Karsten"]
[WhiteFideId "2009064"]
[BlackFideId "24692239"]
[WhiteElo "2705"]
[BlackElo "2358"]
[Result "1-0"]
[Round "03"]
[TimeControl "180+1"]
[Date "2021.08.17"]
[WhiteClock "0:00:49"]
[BlackClock "0:00:52"]

1. e4 c6 2. Nc3 d5 3. Nf3 g6 4. d4 Bg7 5. h3 dxe4 6. Nxe4 Nf6 7. Nxf6+ Bxf6 8. Bh6 Bf5 9. Bc4 Qb6 10. O-O Nd7 11. g4 Be4 12. g5 Bxf3 13. Qxf3 Qxd4 14. Qb3 O-O-O 15. gxf6 Nxf6 16. Bxf7 Ne4 17. Qe6+ Kb8 18. Bf4+ Nd6 19. Be5 Qh4 20. Bxh8 Nf5 21. Be5+ Ka8 22. Rad1 Rf8 23. Rd3 1-0


[Site "https://www.chess.com"]

[Event "Titled Tuesday Blitz August 17 2021"]
[White "Shahaliyev, Ismayil"]
[Black "McBryde, Lamel"]
[WhiteFideId "13406388"]
[BlackFideId "2058596"]
[WhiteElo "2105"]
[BlackElo "2136"]
[Result "1-0"]
[Round "03"]
[TimeControl "180+1"]
[Date "2021.08.18"]
[WhiteClock "0:00:11"]
[BlackClock "0:00:04"]

1. Nf3 Nf6 2. g3 d5 3. Bg2 Ne4 4. O-O Nd6 5. b3 c6 6. Bb2 f6 7. d4 Nf7 8. c4 Bg4 9. Nc3 Bxf3 10. Bxf3 e6 11. e4 dxe4 12. Nxe4 Be7 13. Re1 O-O 14. Qe2 Re8 15. Rad1 Qc8 16. Bh5 Nd7 17. Nd2 Bf8 18. c5 g6 19. Bg4 f5 20. Bh3 e5 21. dxe5 Ndxe5 22. Ne4 Bg7 23. Nd6 Nxd6 24. cxd6 Nf3+ 25. Qxf3 Rxe1+ 26. Rxe1 Bxb2 27. Re7 Bf6 28. d7 Qf8 29. Re6 Rd8 30. Bxf5 gxf5 31. Qxf5 Be7 32. Qg4+ Kh8 33. Qd4+ Kg8 34. Qg4+ Kh8 35. Qd4+ Kg8 36. Re4 Bf6 37. Qe3 Kf7 38. Qd3 Qc5 39. Rf4 Qd5 40. Qxh7+ Ke6 41. Qg6 Qe5 42. Re4 Rxd7 43. Rxe5+ Kxe5 44. f4+ Ke6 45. Qe8+ Re7 46. Qc8+ Kf7 47. Kg2 a6 48. Kf3 Re8 49. Qxb7+ Kg6 50. Qxc6 Rd8 51. Qxa6 1-0


[Site "https://www.chess.com"]

[Event "Titled Tuesday Blitz August 17 2021"]
[White "Shkapenko, Pavel"]
[Black "Bok, Benjamin"]
[WhiteFideId "4151933"]
[BlackFideId "1017063"]
[WhiteElo "2386"]
[BlackElo "2658"]
[Result "1-0"]
[Round "03"]
[TimeControl "180+1"]
[Date "2021.08.17"]
[WhiteClock "0:00:04"]
[BlackClock "0:00:02"]

1. e4 c5 2. c3 Nf6 3. e5 Nd5 4. d4 cxd4 5. cxd4 d6 6. Nf3 Nc6 7. Bc4 dxe5 8. Nxe5 e6 9. O-O Be7 10. Nf3 O-O 11. Nc3 Nxc3 12. bxc3 b6 13. Re1 Bb7 14. Qe2 Rc8 15. Bd3 Na5 16. Bd2 Qd5 17. Rab1 Nc4 18. Bf4 Rfd8 19. a4 Na3 20. Rbc1 Nc4 21. Rb1 Bf6 22. Rb5 Qc6 23. Bg5 Bxg5 24. Rxg5 g6 25. h4 Nd6 26. h5 Qxc3 27. hxg6 hxg6 28. Bxg6 Kf8 29. Ne5 Ba6 30. Bd3 Bxd3 31. Nxd3 Qxd4 32. Ne5 Rc5 33. Qh5 Ke7 34. g3 Rf8 35. Kg2 Ne4 36. Re2 Nxg5 37. Qxg5+ Ke8 38. Qf6 Qd5+ 39. f3 Qd4 40. g4 Qd1 41. Rf2 Rc1 42. Kg3 Qg1+ 43. Rg2 Qe1+ 44. Rf2 Rc2 45. Nd3 Rxf2 46. Nxe1 Re2 47. Nd3 Re3 48. Qd4 Re2 49. Qc4 Ke7 50. Qc7+ Kf6 51. Nf4 Rd2 52. Nh5+ Kg6 53. Qc3 Rfd8 54. Qg7# 1-0


[Site "https://www.chess.com"]

[Event "Titled Tuesday Blitz August 17 2021"]
[White "Shtyka, Sergey"]
[Black "Rodriguez Hernandez, Luis Daniel"]
[WhiteFideId "4138465"]
[BlackFideId "3506770"]
[WhiteElo "2064"]
[BlackElo "2133"]
[Result "1-0"]
[Round "03"]
[TimeControl "180+1"]
[Date "2021.08.17"]
[WhiteClock "0:00:10"]
[BlackClock "0:00:01"]

1. e4 e5 2. Nf3 Nc6 3. Nc3 Nf6 4. Bb5 Bb4 5. O-O O-O 6. d3 Bxc3 7. bxc3 Qe7 8. Bg5 Nd8 9. h3 c6 10. Bc4 Ne6 11. Bh4 Nf4 12. Bb3 d6 13. Re1 h6 14. d4 Bxh3 15. gxh3 Qd8 16. Bg3 N6h5 17. Nh2 Nxh3+ 18. Kf1 N3f4 19. dxe5 Qg5 20. Qg4 Qxe5 21. Nf3 Qf6 22. e5 dxe5 23. Rxe5 Nxg3+ 24. fxg3 Ng6 25. Rf5 Qxc3 26. Re1 Nh8 27. Re7 Rae8 28. Qe4 Rxe7 29. Qxe7 b5 30. Ne5 Qd4 31. Bc4 1-0


[Site "https://www.chess.com"]

[Event "Titled Tuesday Blitz August 17 2021"]
[White "Silva, Miguel Antonio Neto"]
[Black "Obregon, Andres Carlos"]
[WhiteFideId "1911929"]
[BlackFideId "111724"]
[WhiteElo "2283"]
[BlackElo "2572"]
[Result "0-1"]
[Round "03"]
[TimeControl "180+1"]
[Date "2021.08.17"]
[WhiteClock "0:01:03"]
[BlackClock "0:01:36"]

1. e4 d6 2. d4 g6 3. Nf3 Bg7 4. Be2 Nf6 5. Nc3 O-O 6. O-O Nc6 7. h3 a6 8. Be3 e6 9. d5 Ne7 10. dxe6 Bxe6 11. Nd4 Bd7 12. f4 c5 13. Nb3 Bc6 14. Bf3 Qc7 15. Qd2 Rad8 16. Rad1 b6 17. Rfe1 d5 18. e5 d4 19. exf6 Bxf6 20. Bxc6 dxc3 21. Qe2 Qxc6 22. bxc3 Bxc3 23. Rxd8 Rxd8 24. Rd1 Rxd1+ 25. Qxd1 Qd5 26. Qd3 Qxd3 27. cxd3 Nd5 28. Kf2 Nb4 29. Nc1 Bb2 30. Ke2 Bxc1 31. Bxc1 Nxa2 32. Be3 Nb4 33. d4 c4 0-1


[Site "https://www.chess.com"]

[Event "Titled Tuesday Blitz August 17 2021"]
[White "Sliwicki, Damian"]
[Black "Can, Melih Kaan"]
[WhiteFideId "1127128"]
[BlackFideId "6317383"]
[WhiteElo "2142"]
[BlackElo "2049"]
[Result "0-1"]
[Round "03"]
[TimeControl "180+1"]
[Date "2021.08.18"]
[WhiteClock "0:00:22"]
[BlackClock "0:00:08"]

1. d4 d5 2. Nf3 Nf6 3. c4 c6 4. Nc3 a6 5. cxd5 cxd5 6. g3 e6 7. Bg2 b5 8. O-O Bb7 9. Bf4 Nbd7 10. Rc1 Be7 11. Ne5 O-O 12. a3 Rc8 13. Re1 Nb6 14. Qd3 Nc4 15. Qb1 Qb6 16. Bg5 h6 17. Bxf6 Bxf6 18. Nd7 Qd6 19. Nxf8 Qxf8 20. e3 Rc7 21. Ne2 Qc8 22. b3 Nxa3 23. Rxc7 Qxc7 24. Qc1 Qd6 25. Nf4 b4 26. Nd3 Nb5 27. Nc5 Bc8 28. Ne4 Qd8 29. Nxf6+ gxf6 30. Qc5 Qf8 31. Rc1 Nc3 32. Bf1 Bb7 33. Ra1 Kg7 34. Qxf8+ Kxf8 35. Bxa6 Bc6 36. Bd3 Ke7 37. Ra6 Kd7 38. Rb6 Na2 39. Bb1 Nc3 40. Bh7 Na2 41. Kf1 Nc1 42. Rxb4 f5 43. Ke1 Nd3+ 44. Kd2 Nxb4 45. Kc3 Na6 46. b4 Nc7 47. h3 Ke7 48. g4 fxg4 49. hxg4 Kf8 50. f4 Kg7 51. Bd3 Nb5+ 52. Kd2 Kf6 53. Ke2 Nd6 54. Kf3 Bb5 55. Bc2 Bc4 56. Bb1 Nb5 57. Kg3 Nc3 58. Bc2 Na2 59. Kh4 Nxb4 60. g5+ hxg5+ 61. fxg5+ Kg7 62. Bb1 Bd3 63. Bxd3 Nxd3 64. Kg4 Kg6 65. Kh4 Nf2 66. Kg3 Ne4+ 67. Kf4 Nxg5 68. Ke5 f6+ 69. Kf4 Ne4 70. Kg4 f5+ 71. Kf4 Kf6 72. Kf3 e5 73. dxe5+ Kxe5 74. Ke2 Ng5 75. Kf2 Ke4 76. Ke2 Nf7 77. Kf2 Nd6 78. Ke2 Nc4 79. Kf1 Nxe3+ 80. Ke2 Nc4 81. Ke1 Nb6 82. Ke2 d4 83. Ke1 f4 84. Ke2 f3+ 85. Ke1 Ke3 86. Kf1 d3 87. Ke1 Nc8 88. Kf1 d2 89. Kg1 d1=Q+ 90. Kh2 Kf2 91. Kh3 Qg1 92. Kh4 Qg6 93. Kh3 Qh5# 0-1


[Site "https://www.chess.com"]

[Event "Titled Tuesday Blitz August 17 2021"]
[White "Sokolovsky, Yahli"]
[Black "gurelediz"]
[WhiteFideId "2820242"]
[WhiteElo "1770"]
[BlackElo "2699"]
[Result "0-1"]
[Round "03"]
[TimeControl "180+1"]
[Date "2021.08.17"]
[WhiteClock "0:00:07"]
[BlackClock "0:01:43"]

1. b3 e5 2. Bb2 Nc6 3. e3 Nf6 4. Nf3 e4 5. Nd4 Nxd4 6. exd4 d5 7. d3 Bd6 8. dxe4 Nxe4 9. Nd2 Nxd2 10. Qxd2 O-O 11. O-O-O a5 12. a4 c6 13. Kb1 b5 14. axb5 a4 15. bxc6 Qb6 16. Bd3 axb3 17. cxb3 Qxb3 18. Qc3 Qa2+ 19. Kc2 Qa4+ 20. Kb1 Be6 21. Rc1 Rfb8 22. c7 Bxc7 23. g3 Rb3 24. Qxb3 Qxb3 25. Bc2 Qa2# 0-1


[Site "https://www.chess.com"]

[Event "Titled Tuesday Blitz August 17 2021"]
[White "Steinberg, Nitzan"]
[Black "Sadovsky, Artem"]
[WhiteFideId "2801795"]
[BlackFideId "4155840"]
[WhiteElo "2440"]
[BlackElo "2442"]
[Result "1/2-1/2"]
[Round "03"]
[TimeControl "180+1"]
[Date "2021.08.17"]
[WhiteClock "0:00:26"]
[BlackClock "0:00:08"]

1. e4 g6 2. d4 Bg7 3. Nc3 c6 4. Nf3 d5 5. h3 dxe4 6. Nxe4 Nd7 7. Bc4 Ngf6 8. Nc3 O-O 9. O-O b5 10. Bd3 a5 11. Re1 Bb7 12. Bg5 Re8 13. Qe2 a4 14. a3 Qc7 15. Rad1 Rad8 16. Qe3 Nb6 17. Bf4 Qc8 18. Be5 Nbd5 19. Nxd5 Nxd5 20. Qc1 Qa8 21. Bxg7 Kxg7 22. Ne5 Nf6 23. Bf1 Rd5 24. c3 Red8 25. Nd3 Re8 26. Nf4 Rd7 27. h4 h6 28. Nd3 Rc7 29. Qf4 Qd8 30. Nc5 Bc8 31. g3 Qd6 32. Re5 Ng4 33. Ne4 Qd8 34. Rc5 e5 35. Qc1 Qe7 36. dxe5 Nxe5 37. Nd6 Rd8 38. Qe3 Rxd6 39. Rxe5 Qf6 40. Rxd6 Qxd6 41. h5 Qf6 42. hxg6 fxg6 43. Re4 Rf7 44. Rf4 Qd6 45. Rxf7+ Kxf7 46. Qxh6 Bf5 47. Qh7+ Kf8 48. Qh8+ Kf7 49. Qd4 Qxd4 50. cxd4 Ke7 51. Bg2 Kd6 52. Kf1 c5 53. dxc5+ Kxc5 54. Ke1 Kd4 55. Kd2 Kc4 56. Bf1+ Kb3 57. Bxb5 Kxb2 58. Bxa4 Kxa3 59. Be8 Kb4 60. Ke3 g5 61. Kd4 Bc8 62. Ke5 Kc5 63. Kf6 g4 64. Bh5 Kd4 65. Kg5 Ke5 66. Bxg4 Bb7 67. f4+ Kd6 68. Be2 Ke7 69. f5 Kf8 70. Kf4 Ba6 71. g4 Bxe2 72. g5 Bc4 73. g6 Kg7 74. Kg5 Kg8 75. f6 Bb3 76. f7+ Bxf7 77. gxf7+ Kxf7 1/2-1/2


[Site "https://www.chess.com"]

[Event "Titled Tuesday Blitz August 17 2021"]
[White "Swapnil, S. Dhopade"]
[Black "Solon, Nathan"]
[WhiteFideId "5019184"]
[BlackFideId "2017229"]
[WhiteElo "2402"]
[BlackElo "2695"]
[Result "1-0"]
[Round "03"]
[TimeControl "180+1"]
[Date "2021.08.17"]
[WhiteClock "0:00:13"]
[BlackClock "0:00:10"]

1. d4 Nf6 2. Nf3 d5 3. c4 e6 4. Nc3 Bb4 5. e3 O-O 6. Bd2 b6 7. cxd5 exd5 8. Rc1 Re8 9. Bd3 a6 10. O-O Bd6 11. Ne2 Ne4 12. Ng3 Bb7 13. Qc2 g6 14. a3 Nd7 15. Bb4 c5 16. dxc5 bxc5 17. Bc3 Rc8 18. Rfd1 Qe7 19. Bxe4 dxe4 20. Nd2 Bxg3 21. hxg3 Nf6 22. Bxf6 Qxf6 23. Nc4 Rcd8 24. b3 Bd5 25. Na5 Be6 26. Qxc5 Qb2 27. Rd4 Rc8 28. Nc6 Rxc6 29. Qxc6 Rc8 30. Qxc8+ Bxc8 31. Rxc8+ Kg7 32. b4 Qxa3 33. Rcd8 Qb3 34. g4 Qe6 35. g5 h6 36. gxh6+ Kxh6 37. R8d5 Kg7 38. Rc5 Qe7 39. Rcc4 f5 40. Rc5 Kh6 41. Rc6 Qe8 42. Rdd6 Kh7 43. Rxg6 Qxg6 44. Rxg6 Kxg6 45. Kh2 Kf6 46. Kg3 Ke5 47. Kh4 Kd5 48. Kg5 Kc4 49. Kxf5 Kxb4 50. g4 a5 51. g5 a4 52. g6 a3 53. g7 a2 54. g8=Q a1=Q 55. Qb8+ Kc5 56. Qe5+ Kb6 57. Qxa1 1-0


[Site "https://www.chess.com"]

[Event "Titled Tuesday Blitz August 17 2021"]
[White "Szente Varga, Fruzsina"]
[Black "Ezat, Mohamed"]
[WhiteFideId "712264"]
[BlackFideId "10600906"]
[WhiteElo "2106"]
[BlackElo "2414"]
[Result "1/2-1/2"]
[Round "03"]
[TimeControl "180+1"]
[Date "2021.08.18"]
[WhiteClock "0:00:06"]
[BlackClock "0:00:02"]

1. e4 c6 2. d4 d5 3. Nc3 dxe4 4. Nxe4 Nf6 5. Ng5 h6 6. N5f3 Bg4 7. h3 Bf5 8. c3 e6 9. Bd3 Bxd3 10. Qxd3 c5 11. Ne2 Nc6 12. O-O cxd4 13. Nexd4 e5 14. Qe3 Bd6 15. Nxc6 bxc6 16. Nxe5 O-O 17. Nxc6 Qc7 18. Nd4 Rfe8 19. Qd3 Rad8 20. Qf3 Bc5 21. Nb3 Bb6 22. Bxh6 gxh6 23. Qxf6 Re6 24. Qf3 Rg6 25. Rad1 Re8 26. Rfe1 Re5 27. Rxe5 Qxe5 28. Rd7 Rf6 29. Qg4+ Rg6 30. Qf3 Rf6 31. Qa8+ Kg7 32. Nd4 Qe1+ 33. Kh2 Qxf2 34. Qd5 Qf4+ 35. Kg1 Qf2+ 36. Kh2 Bc7+ 37. Rxc7 Qf4+ 38. Kg1 Qxc7 39. Nf3 Qb6+ 40. Qd4 Qxb2 41. Kh2 Qb8+ 42. Kg1 Qf4 43. Qxa7 Rg6 44. Qd4+ Qxd4+ 45. Nxd4 Ra6 46. Kf2 Rxa2+ 47. Kf3 Ra3 48. Ne2 Kg6 49. g3 Ra1 50. Nf4+ Kg7 51. Ne2 Kf8 52. Kg4 Rf1 53. Nf4 Rf2 54. Kh5 Rf3 55. Kg4 Rxc3 56. Nd5 Rc4+ 57. Nf4 Kg7 58. Kh5 Rc5+ 59. Kg4 Rg5+ 60. Kf3 Ra5 61. h4 Kf8 62. Kg4 Kg7 63. Nh5+ Kf8 64. Nf4 Ra4 65. Kh5 Ra6 66. g4 Kg7 67. g5 hxg5 68. hxg5 Ra4 69. Kg4 Rb4 70. Kf5 Rb5+ 71. Kg4 Ra5 72. Nh5+ Kf8 73. Nf4 Ke7 74. g6 fxg6 75. Nxg6+ Kf6 76. Nf4 Ra4 77. Kf3 Kf5 78. Ng2 Ra3+ 79. Ne3+ Ke5 80. Ke2 Ke4 81. Nc2 Rh3 82. Kd2 Rg3 83. Ne1 Rg7 84. Nc2 Rg2+ 85. Kc3 Rg7 86. Kd2 Rc7 87. Ne1 Ra7 88. Nc2 Ra4 89. Kc3 Ra7 90. Nb4 Rc7+ 91. Kb3 Kd4 92. Nc2+ Kd3 93. Nb4+ Kd2 94. Nd5 Rc5 95. Nb4 Ke3 96. Na6 Rc8 97. Kb4 Kd4 98. Kb5 Rc1 99. Nb4 Rb1 100. Ka5 Kc4 101. Na6 Rb5+ 102. Ka4 Rg5 103. Nc7 Rg7 104. Na6 Rd7 105. Ka5 Rd6 106. Nc7 Rc6 107. Na6 Rh6 108. Nc7 Kc5 109. Na6+ Kc6 110. Nb4+ Kc5 111. Na6+ Kc4 112. Nc7 Rd6 113. Na6 Rc6 114. Nb8 Rc5+ 115. Kb6 Rb5+ 116. Kc7 Kd5 117. Na6 Ra5 118. Kb6 Ra2 119. Nc7+ Kc4 120. Kc6 Rh2 121. Kd7 Rh6 122. Ne6 Kb5 123. Nc7+ Kb6 124. Ne6 Kb7 125. Kd6 1/2-1/2


[Site "https://www.chess.com"]

[Event "Titled Tuesday Blitz August 17 2021"]
[White "Taboas Rodriguez, Daniel"]
[Black "Thing, Bibek"]
[WhiteFideId "2208466"]
[BlackFideId "12303135"]
[WhiteElo "2429"]
[BlackElo "2000"]
[Result "0-1"]
[Round "03"]
[TimeControl "180+1"]
[Date "2021.08.18"]
[WhiteClock "0:00:05"]
[BlackClock "0:00:34"]

1. d4 Nf6 2. Nf3 g6 3. c4 Bg7 4. Nc3 d5 5. cxd5 Nxd5 6. e4 Nxc3 7. bxc3 c5 8. Be3 Qa5 9. Qd2 O-O 10. Rc1 Rd8 11. d5 e6 12. Be2 exd5 13. exd5 Nd7 14. O-O Ne5 15. Bg5 Re8 16. d6 Bd7 17. Be7 Nc6 18. Bg5 Ne5 19. Rfd1 b6 20. Nxe5 Bxe5 21. Be7 Ba4 22. Re1 Rad8 23. Bxd8 Rxd8 24. Qg5 f6 25. Qh6 b5 26. Bd3 c4 27. Bxg6 hxg6 28. Qxg6+ Kf8 29. Qh6+ Kf7 30. Qh7+ Ke6 31. Qe7+ Kd5 32. f4 Bxd6 33. Rcd1+ Kc5 34. Qxf6 Bxd1 35. Rxd1 Kc6 36. Qe6 Qb6+ 37. Kh1 Qc5 38. Qe4+ Kb6 39. Qe6 Kc7 40. f5 Rf8 41. f6 Qe5 42. Qxe5 Bxe5 43. Rd5 Rxf6 44. g3 Bxc3 45. Rxb5 Bd4 46. Rb4 Rc6 47. Kg2 c3 48. Rb1 c2 49. Rc1 Bb2 0-1


[Site "https://www.chess.com"]